 Dungeon Crawl Stone Soup version 0.28.0-53-g5a82cb258f (webtiles) character file.

Game seed: 8798865951556060848

5911 mcbry74 the Severer (level 10, -1/78 HPs)
             Began as a Hill Orc Fighter on July 8, 2022.
             Was an Elder of Okawaru.
             Slain by a two-headed ogre
             ... wielding a +0 giant club
              (7 damage)
             ... on level 8 of the Dungeon.
             The game lasted 00:21:43 (9353 turns).

mcbry74 the Severer (Hill Orc Fighter)              Turns: 9353, Time: 00:21:44

Health: -1/78      AC: 18    Str: 20    XL:     10   Next: 82%
Magic:  10/10      EV:  9    Int: 12    God:    Okawaru [****..]
Gold:   410        SH:  4    Dex: 10    Spells: 9/9 levels left

rFire   . . .      SeeInvis .   a - +0 war axe (freeze)
rCold   . . .      Faith    .   c - +0 buckler
rNeg    . . .      Spirit   .   b - +0 scale mail
rPois   .          Reflect  .   j - +0 helmet
rElec   .          Harm     .   (no cloak)
rCorr   .          Rampage  .   (no gloves)
Will    .....                   (no boots)
Stlth   ..........              (no amulet)
HPRegen 0.23/turn               f - +4 ring of protection
MPRegen 0.12/turn               q - +4 ring of protection

@: no status effects
A: no striking features
a: Renounce Religion, Heroism, Finesse


You were on level 8 of the Dungeon.
You worshipped Okawaru.
Okawaru was greatly pleased with you.
You visited 2 branches of the dungeon, and saw 9 of its levels.

You collected 410 gold pieces.

Inventory:

Hand Weapons
 a - a +0 war axe of freezing (weapon)
 x - a +0 trident
 A - a +1 mace of venom
Missiles
 t - 3 poisoned darts (quivered)
Armour
 b - a +0 scale mail (worn)
 c - a +0 buckler (worn)
 j - a +0 helmet (worn)
 l - a +2 hat of stealth
 z - a +0 cloak
Jewellery
 f - a +4 ring of protection (left hand)
 g - a ring of see invisible
 h - a ring of ice
 m - a ring of wizardry
 q - a +4 ring of protection (right hand)
Wands
 v - a wand of polymorph (8)
 w - a wand of acid (14)
Scrolls
 d - a scroll of vulnerability {unknown}
 i - a scroll of blinking {unknown}
 k - 2 scrolls of enchant weapon {unknown}
 n - 6 scrolls of teleportation
 y - 2 scrolls of amnesia {unknown}
 B - a scroll of silence {unknown}
 C - a scroll of noise {unknown}
Potions
 e - 3 potions of heal wounds
 o - a potion of invisibility {unknown}
 p - a potion of might
 r - 2 potions of curing
 s - a potion of haste {unknown}
 u - a potion of brilliance {unknown}


   Skills:
 - Level 4.0 Fighting
 - Level 16.2(16.3) Axes
 + Level 3.0(9.4) Maces & Flails
 + Level 10.3 Armour
 - Level 4.0 Shields


You had 9 spell levels left.
You didn't know any spells.
Your spell library contained the following spells:

 Spells                   Type           Power      Damage    Failure   Level
 Beastly Appendage        Tmut           0%         N/A       71%         1
 Wereblood                Tmut           0%         N/A       83%         2
 Confusing Touch          Hex            0%         N/A       97%         3
 Spider Form              Tmut/Pois      0%         N/A       97%         3
 Stone Arrow              Conj/Erth      0%         3d7       97%         3
 Cause Fear               Hex            0%         N/A       100%        4
 Hailstorm                Conj/Ice       0%         3d3       100%        4
 Ice Form                 Ice/Tmut       0%         N/A       100%        4
 Yara's Violent Unravell  Hex/Tmut       0%         3d3       100%        5
 Dragon Form              Tmut           0%         N/A       100%        7
 Enfeeble                 Hex            0%         N/A       100%        7
 Lehudib's Crystal Spear  Conj/Erth      0%         10d2      100%        8
 Animate Armour           Summ/Erth      Unusable   N/A       N/A         4
 Simulacrum               Ice/Necr       Unusable   N/A       N/A         6
 Dragon's Call            Summ           Unusable   N/A       N/A         9

Dungeon Overview and Level Annotations

Branches:
Dungeon (8/15)             Temple (1/1) D:6
   Lair: D:8-11

Altars:
Ashenzari
Cheibriados
Dithmenos
Fedhas
Gozag
Hepliaklqana
Kikubaaqudgha
Nemelex Xobeh
Okawaru
Qazlal
Sif Muna
Trog
Uskayaw
Xom
Yredelemnul
Zin
The Shining One

Shops:
D:6 [


Message History

The two-headed ogre hits you but does no damage.
You block the two-headed ogre's attack.
You barely miss the two-headed ogre.
The two-headed ogre is moderately wounded.
You barely miss the two-headed ogre.
The two-headed ogre is moderately wounded.
The two-headed ogre hits you with a +0 giant club!!
The two-headed ogre closely misses you.
You hit the two-headed ogre. You freeze the two-headed ogre.
The two-headed ogre is moderately wounded.
You hit the two-headed ogre. You freeze the two-headed ogre.
The two-headed ogre is moderately wounded.
The two-headed ogre hits you with a +0 giant club!
* * * LOW HITPOINT WARNING * * *
You block the two-headed ogre's attack.
You closely miss the two-headed ogre.
The two-headed ogre is moderately wounded.
You hit the two-headed ogre but do no damage.
The two-headed ogre is moderately wounded.
You block the two-headed ogre's attack.
The two-headed ogre hits you but does no damage.
You hit the two-headed ogre. You freeze the two-headed ogre.
The two-headed ogre is heavily wounded.
The two-headed ogre hits you with a +0 giant club.
* * * LOW HITPOINT WARNING * * *
The two-headed ogre hits you with a +0 dire flail.
* * * LOW HITPOINT WARNING * * *
You barely miss the two-headed ogre.
The two-headed ogre is heavily wounded.
You barely miss the two-headed ogre.
The two-headed ogre is heavily wounded.
The two-headed ogre hits you with a +0 giant club!
* * * LOW HITPOINT WARNING * * *
You block the two-headed ogre's attack.
You slash the two-headed ogre! You freeze the two-headed ogre.
The two-headed ogre is severely wounded.
You hit the two-headed ogre. You freeze the two-headed ogre.
The two-headed ogre is almost dead.
The two-headed ogre hits you with a +0 giant club!
You die...

......# ..#........# ......#
##).###.## # ......# #<)(.#.## #
..)#### ##)#.[..#### # ...)##
######(###.....###### ...).####
#..........###.......
........#####..)..(....#########.
.....##....##...O................
....#####.......@......#########.
...## #..............# ## ####
################


You could see a two-headed ogre.

Vanquished Creatures
  Gastronok (D:8)
  Erica (D:8)
  A two-headed ogre (D:7)
  Pikel (D:8)
  A rust devil (D:6)
  A kobold demonologist (D:6)
  Sigmund (D:3)
  An acid dragon (D:7)
  2 water moccasins
  2 black bears
  2 ice beasts (D:6)
  A necrophage (D:4)
  2 ogres
  3 centaurs
  A phantom (D:6)
  3 lemures (D:8)
  A scorpion (D:4)
  A bullfrog zombie (D:5)
  3 centaur zombies
  5 hounds
  A jelly (D:5)
  A centaur skeleton (D:6)
  4 orc priests
  Crazy Yiuf (D:7)
  A gnoll shaman (D:8)
  Natasha (thrice) (D:3)
  6 iguanas
  5 orc wizards (D:7)
  A killer bee zombie (D:7)
  A howler monkey zombie (D:5)
  Robin (D:3)
  9 gnolls
  8 adders
  An ufetubus (D:5)
  An adder skeleton (D:4)
  2 dart slugs
  17 orcs
  6 ball pythons
  5 bats
  12 endoplasms
  2 giant cockroaches (D:1)
  15 goblins
  13 hobgoblins
  A quokka (D:2)
  5 frilled lizards
  2 kobolds (D:2)
  5 rats
163 creatures vanquished.

Vanquished Creatures (others)
  4 plants (D:6)
4 creatures vanquished.

Grand Total: 167 creatures vanquished

Notes
Turn   | Place    | Note
-------+----------+-------------------------------------------
     0 | D:1      | mcbry74 the Hill Orc Fighter began the quest for the Orb.
     0 | D:1      | Reached XP level 1. HP: 19/19 MP: 1/1
   204 | D:1      | Reached skill level 3 in Axes
   279 | D:1      | Reached XP level 2. HP: 27/27 MP: 2/2
  1039 | D:2      | Reached XP level 3. HP: 25/33 MP: 3/3
  1839 | D:2      | Reached skill level 4 in Axes
  1935 | D:2      | Reached XP level 4. HP: 40/40 MP: 4/4
  2079 | D:3      | Noticed Sigmund
  2141 | D:3      | Noticed Robin
  2165 | D:3      | Killed Robin
  2416 | D:3      | Noticed Natasha
  2428 | D:3      | Killed Natasha
  2429 | D:3      | Reached skill level 5 in Axes
  2429 | D:3      | Reached XP level 5. HP: 29/46 MP: 5/5
  2577 | D:3      | Killed Sigmund
  2578 | D:3      | Reached skill level 6 in Axes
  2578 | D:3      | Reached XP level 6. HP: 52/52 MP: 6/6
  2587 | D:3      | Noticed Natasha
  2592 | D:3      | Killed Natasha
  3036 | D:3      | Noticed Natasha
  3047 | D:3      | Killed Natasha
  3048 | D:3      | Reached skill level 7 in Axes
  3048 | D:3      | Reached skill level 5 in Armour
  3159 | D:4      | Noticed a black bear
  3241 | D:4      | Noticed a necrophage
  3260 | D:4      | Killed a necrophage
  3261 | D:4      | Reached XP level 7. HP: 38/59 MP: 7/7
  3414 | D:4      | Reached skill level 8 in Axes
  3747 | D:4      | Reached skill level 9 in Axes
  3972 | D:5      | Entered Level 5 of the Dungeon
  4216 | D:5      | Reached XP level 8. HP: 53/66 MP: 8/8
  4430 | D:5      | Reached skill level 10 in Axes
  5214 | D:6      | Found a staircase to the Ecumenical Temple.
  5227 | Temple   | Entered the Ecumenical Temple
  5480 | Temple   | Became a worshipper of Warmaster Okawaru
  5584 | D:6      | Reached skill level 11 in Axes
  5620 | D:6      | Noticed a rust devil
  5708 | D:6      | Killed a rust devil
  5708 | D:6      | Reached * piety under Okawaru
  5709 | D:6      | Reached skill level 12 in Axes
  5709 | D:6      | Reached XP level 9. HP: 71/71 MP: 9/9
  5869 | D:6      | Found Ducana's Antique Armour Shoppe.
  6009 | D:6      | Noticed a kobold demonologist
  6036 | D:6      | Killed a kobold demonologist
  6038 | D:6      | Reached skill level 13 in Axes
  6219 | D:6      | Noticed an angel
  6360 | D:7      | Reached ** piety under Okawaru
  7004 | D:7      | Found a runed translucent door.
  7005 | D:7      | Noticed Crazy Yiuf
  7012 | D:7      | Killed Crazy Yiuf
  7440 | D:8      | Noticed a two-headed ogre
  7441 | D:8      | Noticed Erica
  7552 | D:8      | Reached skill level 14 in Axes
  7705 | D:8      | Killed Erica
  7705 | D:8      | Reached *** piety under Okawaru
  7706 | D:8      | Reached XP level 10. HP: 26/78 MP: 10/10
  7709 | D:8      | Noticed a two-headed ogre
  8084 | D:7      | Killed a two-headed ogre
  8085 | D:7      | Reached skill level 15 in Axes
  8565 | D:8      | Noticed Pikel
  8585 | D:8      | Killed Pikel
  8586 | D:8      | Reached skill level 1 in Maces & Flails
  8586 | D:8      | Reached skill level 10 in Armour
  8591 | D:8      | Noticed Gastronok
  9012 | D:8      | Killed Gastronok
  9012 | D:8      | Reached **** piety under Okawaru
  9013 | D:8      | Reached skill level 16 in Axes
  9353 | D:8      | Slain by a two-headed ogre

Illustrated notes

Levels and vault maps discovered:
D:1:      minmay_arrival_cross, layout_loops_ring, serial_rivers,
          chequers_serial_rivers_large_b, chequers_serial_rivers_small_b,
          chequers_serial_rivers_room_a, chequers_serial_rivers_small_a,
          chequers_serial_rivers_micro_d, chequers_serial_rivers_small_b
D:2:      layout_loops_ring
D:3:      layout_loops_ring, uniq_natasha, uniq_sigmund, uniq_robin
D:4:      layout_basic
D:5:      layout_gridville, hex_large
D:6:      layout_loops_ring, temple_garden, serial_shops, nicolae_lakefront_shop
D:7:      layout_basic, uniq_crazy_yiuf_cottage
D:8:      layout_rooms, grunt_ministairs_3, minmay_misc_feat_iff,
          nicolae_figureground_sparkle, uniq_pikel, uniq_erica, uniq_gastronok
Temple:   mainiacjoe_temple_trianglar_array

Skill      XL: |  1  2  3  4  5  6  7  8  9 10 |
---------------+-------------------------------+-----
Axes           | 3 4 5 6 7 9 12 14 16 | 16.2
Fighting       | 4 |  4.0
Shields        | 4 |  4.0
Armour         | 4 5 6 7 9 10 | 10.3
Maces & Flails | 3 |  3.0

Action                   |  1- 3 |  4- 6 |  7- 9 | 10-12 || total
-------------------------+-------+-------+-------+-------++-------
Melee: War axe           |   124 |   123 |   281 |    76 ||   604
       Trident           |       |       |    45 |       ||    45
Throw: Dart              |       |       |       |     9 ||     9
Invok: Heroism           |       |       |       |     1 ||     1
  Use: Potion            |       |     1 |       |       ||     1
       Scroll            |       |       |     6 |     1 ||     7
 Stab: Distracted        |       |       |     1 |       ||     1
Armor: Scale mail        |    67 |    62 |   167 |    27 ||   323
Dodge: Dodged            |    43 |    43 |   124 |    21 ||   231
Block: Buckler           |    31 |    24 |    56 |    16 ||   127
